 Dungeon Crawl Stone Soup version 0.16.0-5-g717f7e7 (console) character file.

19087 gw the Cleaver (level 12, -5/113 (117) HPs)
             Began as a Deep Dwarf Abyssal Knight on Mar 14, 2015.
             Was a Priest of Lugonu.
             Splashed by an oklob plant's acid (7 damage)
             ... on level 6 of the Lair of Beasts.
             The game lasted 00:26:18 (14665 turns).

gw the Cleaver (Deep Dwarf Abyssal Knight)         Turns: 14665, Time: 00:26:18

HP:   -5/113 (117)  AC: -3    Str: 16    XL:     12   Next: 33%
MP:   5/5           EV:  6    Int: 14    God:    Lugonu [***...]
Gold: 1170          SH:  0    Dex: 16    Spells: 0 memorised, 11 levels left

rFire  . . .     SeeInvis .     a - +6 executioner's axe (flame)
rCold  . . .     Clarity  .     y - +1 plate armour
rNeg   . . .     SustAb   .     (no shield)
rPois  .         Gourm    .     z - +0 helmet (curse)
rElec  .         Spirit   .     (no cloak)
rCorr  .         Warding  .     i - +2 pair of gloves
rMut   .         Stasis   .     (no boots)
MR     +....                    e - amulet of faith
Stlth  ..........               (no ring)
                                (no ring)

@: corroded equipment, non-regenerating, somewhat resistant to hostile
enchantments, extremely unstealthy
A: damage resistance, recharge devices, rugged brown scales 1, sense
surroundings 2, slow healing 3, forlorn
a: Device Recharging, Depart the Abyss, Bend Space, Banish, Renounce Religion


You were on level 6 of the Lair of Beasts.
You worshipped Lugonu.
Lugonu was most pleased with you.
You were hungry.

You visited 2 branches of the dungeon, and saw 17 of its levels.
You visited the Abyss 3 times.

You collected 1170 gold pieces.

Inventory:

Hand weapons
 a - a +6 executioner's axe of flaming (weapon)
Missiles
 r - 77 bolts
 u - 19 silver bolts
 x - 7 bolts of flame
Armour
 i - a +2 pair of gloves (worn)
 y - a +1 plate armour (worn)
 z - a cursed +0 helmet (worn)
Jewellery
 e - an amulet of faith (around neck)
Magical devices
 b - a wand of random effects (12)
 c - a wand of heal wounds (3)
 j - a wand of flame (27)
 n - a wand of cold (8)
 p - a wand of digging (13)
 v - a wand of polymorph (3)
 w - a wand of frost (13)
 D - a wand of draining (0)
 E - a wand of paralysis (14)
Scrolls
 f - 21 scrolls of identify
 k - 2 scrolls of amnesia
 m - 12 scrolls of remove curse
 B - 2 scrolls of blinking
Potions
 g - 3 potions of resistance
 t - a potion of agility
 A - a potion of restore abilities
 C - 2 potions of curing
Comestibles
 d - 7 bread rations
 h - 13 fruits
 l - 3 beef jerkies
 o - 11 meat rations
 q - a royal jelly
 s - 13 slices of pizza


   Skills:
 + Level 9.3 Fighting
 * Level 14.3 Axes
 + Level 10.5 Armour
 - Level 1.1 Dodging
 - Level 10.5 Invocations


You had 11 spell levels left.
You didn't know any spells.

Dungeon Overview and Level Annotations

Branches:
Dungeon (11/15)            Temple (0/1) D:5            Lair (6/8) D:11
 Shoals (0/5) Lair:6       Spider (0/5) Lair:3        Slime (0/6) Lair:6
    Orc (0/4) D:9

Altars:
Ashenzari
Dithmenos
Elyvilon
Fedhas
Gozag
The Shining One

Shops:
D:4 *   D:11 !

Annotations:
D:7 exclusion: downstairs
Lair:1 corrupted
Lair:2 corrupted
Lair:3 corrupted
Lair:6 corrupted
Abyss:1 Edmund, Pikel


Innate Abilities, Weirdness & Mutations

You are resistant to damage.
You can recharge devices by infusing magical energy.
You passively map the area around you.
You do not heal naturally.
You are partially covered in rugged brown scales (AC +1, +3% HP).
You have difficulty communicating with the divine.


Message History

Zapping:
c - a wand of heal wounds (1)
Press: ? - help, Shift-Dir - straight line, f - you You feel much better.
This wand has 0 charges left.
The oklob plant spits acid at you. The splash of acid hits you!
The acid corrodes your equipment!
The acid burns!
Unknown command.
Unknown command.
Unknown command.
Use which ability? (? or * to list)
You fail to use your ability.
Use which ability? (? or * to list) Charge which item? (? for menu, Esc to quit)
Choose an item to recharge, or Esc to abort.
Charge which item? (? for menu, Esc to quit)
Your wand of heal wounds (0) glows for a moment and now has 3 charges.
The oklob plant spits acid at you. The splash of acid hits you!
The acid burns!
The oklob plant spits acid at you. The splash of acid hits you!
The acid corrodes your equipment!
The acid burns!
You die...

##.....## * ###
##.......#
####P#P.####........#
..........##.....#..#
..........#....###..#
..............##....#
......##.#...###....#
>...........## #....#
............# #g..##
....#......## #....#
....#...#.## #.P...#
.....+#..## #....##
.........## #.>P.#
..........## #....#
...........# #..###
..........## ###
..........#####


You could see 2 oklob plants.

Table legend:
 A = Turns spent in this place as a percentage of turns spent in the entire game.
 B = Non-inter-level travel turns spent in this place as a percentage of non-inter-level travel turns spent in the entire game.
 C = Inter-level travel turns spent in this place as a percentage of turns spent in this place.
 D = Turns resting spent in this place as a percentage of non-inter-level travel turns spent in this place.
 E = Turns spent auto-exploring this place as a percentage of non-inter-level travel turns spent in this place.
 F = Non-inter-level travel turns spent in this place divided by the number of levels of this place that you've seen.
                   A       B       C       D       E      F
               +-------+-------+-------+-------+-------+----------------------
         Total | 100.0 | 100.0 |   0.6 |   0.1 |   2.7 | 1673.8
       Dungeon |  61.6 |  61.6 |   0.6 |   0.1 |   2.8 | 1874.2
          Lair |  37.7 |  37.7 |   0.5 |   0.0 |   2.3 | 2103.5
         Abyss |   0.7 |   0.7 |   0.0 |   0.0 |   4.6 |  79.7
               +-------+-------+-------+-------+-------+----------------------

Table legend:
 A = Kills in this place as a percentage of kills in entire the game.
 B = Kills by you in this place as a percentage of kills by you in the entire game.
 C = Kills by friends in this place as a percentage of kills by friends in the entire game.
 D = Other kills in this place as a percentage of other kills in the entire game.
 E = Experience gained in this place as a percentage of experience gained in the entire game.
 F = Experience gained in this place divided by the number of levels of this place that you have seen.
                   A       B       C       D       E      F
               +-------+-------+-------+-------+-------+----------------------
         Total | 100.0 | 100.0 |  -nan | 100.0 | 100.0 | 1363.4
       Dungeon |  54.2 |  54.3 |  -nan |  50.0 |  29.1 | 722.5
          Lair |  45.8 |  45.7 |  -nan |  50.0 |  70.9 | 3220.0
               +-------+-------+-------+-------+-------+----------------------

Vanquished Creatures
  A tentacled starspawn (Lair:3)
  A very ugly thing (Lair:3)
  A hydra (Lair:5)
  An ice devil (Lair:3)
  A griffon (Lair:5)
  2 black mambas (Lair:4)
  A queen ant (Lair:4)
  6 spiny frogs
  A gargoyle (D:10)
  A tormentor (Lair:3)
  5 blink frogs
  A two-headed ogre (D:9)
  A boulder beetle (Lair:5)
  A raven (D:9)
  A basilisk (Lair:2)
  2 starcursed masses (Lair:3)
  A spriggan (Lair:3)
  2 vampire mosquitoes (D:10)
  A ynoxinul (Lair:3)
  A black mamba skeleton (Lair:3)
  A yak (Lair:1)
  2 hungry ghosts
  4 hippogriffs
  20 soldier ants (Lair:4)
  A steam dragon (D:8)
  6 wolves
  3 sky beasts
  A slave (D:7)
  6 spiders (Lair:3)
  4 porcupines
  3 water moccasins
  3 necrophages (Lair:6)
  2 black bears
  2 orc warriors
  8 ogres
  8 crocodiles
  A big kobold (D:10)
  4 centaurs (Lair:6)
  5 giant frogs
  A scorpion (D:9)
  14 killer bees
  7 electric eels
  2 quasits
  A crimson imp (D:8)
  5 hounds
  2 orc priests (D:5)
  A goliath beetle (D:8)
  2 jellies
  A centaur skeleton (D:5)
  3 giant frog skeletons
  4 iguanas
  27 worker ants
  9 orc wizards
  12 sheep
  A hound zombie (D:8)
  A small abomination (Lair:3)
  33 river rats
  2 shadow imps (D:5)
  18 adders
  2 giant mites
  5 worms
  An ufetubus (Lair:3)
  6 giant geckos
  An ooze (D:3)
  24 orcs
  A ball python (D:7)
  A bat skeleton (D:6)
  5 giant cockroaches
  10 hobgoblins
  5 jackals (D:2)
  16 kobolds
  14 quokkas
  13 bats
  4 giant newts
  A giant spore (D:11)
  6 goblins
  A jackal zombie (D:4)
  8 rats
  6 ballistomycetes (D:11)
  2 fungi
  12 plants
406 creatures vanquished.

Vanquished Creatures (others)
  A tentacled monstrosity (Lair:3)
  2 tentacled starspawn (Lair:3)
  2 hydras
  A thrashing horror (Lair:3)
  Nergalle (Lair:1)
  3 spatial maelstroms
  An ugly thing (D:10)
  A sixfirhy (Lair:3)
  A black mamba (Lair:6)
  2 spiny frogs
  An orange demon (Lair:3)
  3 elephants (Lair:6)
  2 efreet
  A kobold demonologist (Lair:1)
  A large abomination (Lair:3)
  The ghost of Erg the Conjurer, an average DgWz (D:4)
  10 yaks (Lair:1)
  A neqoxec (Lair:3)
  A hippogriff (Lair:6)
  3 water moccasins
  8 wolves
  A swamp dragon zombie (Lair:3)
  2 spiders (Lair:3)
  A porcupine (Lair:6)
  A crocodile (Lair:6)
  An ogre (D:11)
  4 small abominations
  A wight (Lair:3)
  3 starcursed masses
  3 hounds
  A quasit (Lair:6)
  An iguana (Lair:6)
  An iron imp (Lair:3)
  4 sheep (Lair:1)
  8 river rats (Lair:1)
  An adder (Lair:6)
  2 white imps (Lair:3)
  4 ufetubi
  A kobold (D:4)
  A quokka (Lair:1)
  A bat (D:10)
  A giant spore (D:11)
  6 fungi
  A plant (Lair:5)
  22 starspawn tentacles
  8 starspawn tentacle segments (Lair:3)
127 creatures vanquished.

Grand Total: 533 creatures vanquished

Notes
Turn   | Place    | Note
--------------------------------------------------------------
     0 | Abyss:1  | gw, the Deep Dwarf Abyssal Knight, began the quest for the Orb.
     0 | Abyss:1  | Reached XP level 1. HP: 20/20 MP: 1/1
    23 | D:1      | Escaped the Abyss
   449 | D:2      | Found a shadowy altar of Dithmenos.
   471 | D:2      | Reached skill level 3 in Fighting
   471 | D:2      | Reached XP level 2. HP: 26/28 MP: 2/2
   738 | D:2      | Reached XP level 3. HP: 34/34 MP: 4/4
   758 | D:2      | Acquired Lugonu's second power
  1160 | D:2      | Found an opulent altar of Gozag.
  1163 | D:2      | Found a shattered altar of Ashenzari.
  1474 | D:3      | Reached XP level 4. HP: 37/42 MP: 6/6
  1856 | D:3      | Reached skill level 4 in Axes
  1864 | D:3      | Acquired Lugonu's third power
  1929 | D:3      | Noticed an ogre
  1939 | D:3      | Killed an ogre
  1939 | D:3      | Reached XP level 5. HP: 49/49 MP: 8/8
  2409 | D:4      | Found Ocimaot's Assorted Antiques.
  2431 | D:4      | Noticed Edmund
  2432 | D:4      | Banished Edmund
  2432 | D:4      | Reached XP level 6. HP: 56/56 MP: 10/10
  2473 | D:4      | Noticed Erg's ghost (average DgWz)
  2475 | D:4      | Banished Erg's ghost
  2475 | D:4      | Reached skill level 5 in Axes
  2558 | D:4      | Noticed an ogre
  2579 | D:4      | Killed an ogre
  2579 | D:4      | Reached XP level 7. HP: 36/63 MP: 13/13
  2707 | D:4      | Found a white marble altar of Elyvilon.
  2952 | D:4      | Noticed an ogre
  2959 | D:4      | Killed an ogre
  2959 | D:4      | Reached skill level 5 in Invocations
  2992 | D:4      | Reached skill level 6 in Axes
  3457 | D:5      | Entered Level 5 of the Dungeon
  3696 | D:5      | Found a staircase to the Ecumenical Temple.
  3875 | D:5      | Acquired Lugonu's fourth power
  3947 | D:5      | Reached skill level 5 in Armour
  3992 | D:5      | Reached XP level 8. HP: 66/73 MP: 14/16
  4508 | D:6      | Reached skill level 7 in Axes
  4578 | D:6      | Found an opulent altar of Gozag.
  4943 | D:6      | Found a glowing golden altar of the Shining One.
  5208 | D:7      | Found a blossoming altar of Fedhas.
  5550 | D:8      | Reached skill level 5 in Fighting
  5597 | D:8      | Acquired Lugonu's fifth power
  5627 | D:8      | Noticed Pikel
  5651 | Abyss:1  | Noticed a thrashing horror
  5652 | D:8      | Escaped the Abyss
  5796 | D:8      | Reached skill level 8 in Axes
  5917 | D:8      | Banished Pikel
  5917 | D:8      | Gained mutation: You passively map the area around you. [level up]
  5917 | D:8      | Reached XP level 9. HP: 50/81 MP: 19/19
  5938 | D:8      | Noticed Erolcha
  5941 | D:8      | Banished Erolcha
  6281 | D:9      | Reached skill level 9 in Axes
  7037 | D:9      | Reached skill level 10 in Axes
  7091 | D:9      | Found a staircase to the Orcish Mines.
  7093 | D:9      | Gained mutation: You are partially covered in rugged brown scales (AC +1, +3% HP). [potion of beneficial mutation]
  7132 | D:10     | Entered Level 10 of the Dungeon
  7202 | D:10     | Reached XP level 10. HP: 51/94 MP: 20/20
  7695 | D:10     | Noticed a gargoyle
  7701 | D:10     | Killed a gargoyle
  7765 | D:10     | Noticed a cyan ugly thing
  7773 | D:10     | Banished a cyan ugly thing
  7963 | D:10     | Reached skill level 11 in Axes
  7995 | D:10     | Identified a scroll of acquirement
  8082 | D:11     | Found a staircase to the Lair.
  8327 | D:11     | Found Pniujolosch's Distillery.
  8375 | D:11     | Found a shattered altar of Ashenzari.
  8653 | Lair:1   | Entered Level 1 of the Lair of Beasts
  8684 | Lair:1   | Corrupted Lair:1
  8684 | Lair:1   | Noticed a worldbinder
  8684 | Lair:1   | Noticed a starcursed mass
  8684 | Lair:1   | Noticed an anaconda zombie
  8684 | Lair:1   | Noticed a thrashing horror
  8684 | Lair:1   | Noticed a rust devil
  8686 | Lair:1   | Noticed an ice devil
  8687 | Lair:1   | Noticed a starcursed mass
  8687 | Lair:1   | Noticed a tentacled starspawn
  8690 | Lair:1   | Noticed a starcursed mass
  8698 | Lair:1   | Noticed a thrashing horror
  8701 | Lair:1   | Noticed a large abomination
  8713 | Lair:1   | Noticed a tentacled starspawn
  8716 | Lair:1   | Killed Nergalle
  8740 | Lair:1   | Killed a starcursed mass
  9706 | Lair:2   | Found an opulent altar of Gozag.
  9896 | Lair:2   | Reached skill level 12 in Axes
  9896 | Lair:2   | Reached XP level 11. HP: 70/103 MP: 15/15
 10257 | Lair:2   | Reached skill level 10 in Invocations
 10374 | Lair:2   | Noticed a four-headed hydra
 10376 | Lair:2   | Banished a four-headed hydra
 10382 | Lair:2   | Corrupted Lair:2
 10382 | Lair:2   | Noticed a thrashing horror
 10382 | Lair:2   | Banished a spatial maelstrom
 10390 | Lair:2   | Banished a spatial maelstrom
 10396 | Lair:2   | Noticed a thrashing horror
 10402 | Lair:2   | Noticed a tentacled starspawn
 10466 | Lair:2   | Noticed a thrashing horror
 10493 | Lair:2   | Noticed a giant orange brain
 11046 | Lair:3   | Noticed a seven-headed hydra
 11049 | Lair:3   | Banished a seven-headed hydra
 11086 | Lair:3   | Found a hole to the Spider Nest.
 11102 | Lair:3   | Corrupted Lair:3
 11102 | Lair:3   | Noticed a starcursed mass
 11102 | Lair:3   | Noticed a tentacled starspawn
 11102 | Lair:3   | Noticed a green very ugly thing
 11102 | Lair:3   | Noticed a tentacled starspawn
 11104 | Lair:3   | Noticed an ice devil
 11104 | Lair:3   | Noticed a thrashing horror
 11106 | Lair:3   | Noticed a starcursed mass
 11107 | Lair:3   | Killed a thrashing horror
 11109 | Lair:3   | Noticed a tentacled monstrosity
 11117 | Lair:3   | Noticed a starcursed mass
 11117 | Lair:3   | Noticed a reaper
 11120 | Lair:3   | Killed a tentacled monstrosity
 11121 | Lair:3   | Killed a starcursed mass
 11124 | Lair:3   | Noticed a tentacled starspawn
 11128 | Lair:3   | Killed an ice devil
 11130 | Lair:3   | Killed a green very ugly thing
 11142 | Lair:3   | Killed a tentacled starspawn
 11155 | Lair:3   | Killed a starcursed mass
 11163 | Lair:3   | Noticed a tentacled starspawn
 11172 | Lair:3   | Banished a starcursed mass
 11176 | Lair:3   | Killed a starcursed mass
 11176 | Lair:3   | Killed a tentacled starspawn
 11179 | Lair:3   | Killed a tentacled starspawn
 12084 | Lair:4   | Reached skill level 13 in Axes
 12400 | Lair:4   | Gained mutation: You have difficulty communicating with the divine. [mutagenic glow]
 12453 | Abyss:1  | Found a corrupted altar of Lugonu.
 12483 | Abyss:1  | Found a corrupted altar of Lugonu.
 12509 | Lair:4   | Escaped the Abyss
 12524 | Lair:4   | Reached skill level 10 in Armour
 12592 | Lair:4   | Reached XP level 12. HP: 74/115 MP: 10/10
 13535 | Lair:5   | Reached skill level 14 in Axes
 13693 | Lair:5   | Noticed a five-headed hydra
 13700 | Lair:5   | Killed a four-headed hydra
 14217 | Lair:6   | Corrupted Lair:6
 14217 | Lair:6   | Noticed a starcursed mass
 14217 | Lair:6   | Noticed a rakshasa
 14235 | Lair:6   | Noticed a tentacled starspawn
 14466 | Lair:6   | Found a staircase to the Shoals.
 14658 | Lair:6   | Found a staircase to the Slime Pits.
 14665 | Lair:6   | HP: 2/113 [oklob plant/splash of acid (5)]
 14665 | Lair:6   | Splashed by an oklob plant's acid

Action                   |  1- 3 |  4- 6 |  7- 9 | 10-12 || total
-------------------------+-------+-------+-------+-------++-------
Melee: Hand axe          |    92 |    32 |       |       ||   124
       Broad axe         |       |    36 |   323 |    76 ||   435
       Executioner's axe |       |       |       |   410 ||   410
Invok: Banish            |       |     3 |     3 |    10 ||    16
       Bend Space        |       |       |     5 |     7 ||    12
       Depart the Abyss  |       |       |     1 |     1 ||     2
       Enter the Abyss   |       |       |     1 |     1 ||     2
       Corrupt           |       |       |       |     4 ||     4
 Abil: Evoke Berserk Rag |       |     1 |     3 |       ||     4
       Device Recharging |       |       |     2 |    19 ||    21
Evoke: Wand              |     1 |     2 |    13 |    86 ||   102
  Use: Scroll            |    10 |     1 |    12 |    10 ||    33
       Potion            |     4 |     4 |     7 |     6 ||    21
 Stab: Distracted        |       |       |       |     5 ||     5
       Confused          |       |       |       |     1 ||     1
       Paralysed         |       |       |       |     1 ||     1
  Eat: Chunk             |     2 |     3 |    19 |    26 ||    50
       Bread ration      |       |     1 |       |     2 ||     3

Vault maps used:
D:1:      minmay_arrival_widening_spiral_wide
D:2:      minitemple, minmay_fountain_box, wad_orctagon
D:3:      wad_pebble_path, first_bread, hangedman_decor_growths,
          serial_bayou_pond_e
D:4:      elyvilon_altar_4, serial_shops, shop, minivault_4, uniq_edmund
D:5:      temple_hall
D:6:      lemuel_coloured_pillars_altar, grunt_gozag_breadcrumbs
D:7:      overflow_temple_1_default
D:8:      uniq_pikel, uniq_erolcha
D:9:      orc_0_dummy, roderic_ravens_nest, grunt_pizzeria
D:10:     grunt_decor_one_mirror
D:11:     dpeg_oklobed_lair, serial_shops, shop_statue, ashenzari_altar_1
Lair:1:   st_stairs_10, serial_bayou_shore_b, uniq_nergalle
Lair:2:   basic_altar, serial_bayou_shore_b, infiniplex_staircase_pool_2,
          lemuel_fruit_fields, serial_bayou_shore_b, serial_bayou_shore_b,
          serial_bayou_shore_a
Lair:3:   spider_nest_entry_a, lab_entry_generic,
          grunt_forest_large_clearing_hut
Lair:4:   serial_bayou_pond_a, minivault_29
Lair:5:   serial_bayou, serial_bayou_shore_b, serial_bayou_lagoon_b,
          serial_bayou_pond_e, serial_bayou_pond_b, serial_bayou_shore_b
Lair:6:   minmay_shoals_entry_centaurs, minmay_slime_entry_oklob_enclosed,
          roderic_carrion_pond, grunt_megastairs_2
